 Dungeon Crawl Stone Soup version 0.29.0-4-gdea44cf6ec (webtiles) character file.

Game seed: 7941554981176844288

997 qw the Chopper (level 8, 0/49 HPs)
             Began as a Gargoyle Berserker on Sept 4, 2022.
             Was a Priest of Trog.
             Slain by a wight
             ... wielding a +3 hand axe
              (3 damage)
             ... on level 6 of the Dungeon.
             The game lasted 00:01:59 (5663 turns).

qw the Chopper (Gargoyle Berserker)                 Turns: 5663, Time: 00:01:59

Health: 0/49       AC: 14    Str: 23    XL:     8   Next: 19%
Magic:  8/8        EV:  8    Int:  8    God:    Trog [***...]
Gold:   240        SH:  5    Dex:  9    Spells: 7/7 levels left

rFire   . . .      SeeInvis .   Y - +1 hand axe (chaos)
rCold   . . .      Faith    .   (no shield)
rNeg    + + .      Spirit   .   d - +0 chain mail
rPois   inf        Reflect  +   (no helmet)
rElec   +          Harm     .   (no cloak)
rCorr   .          Rampage  .   (no gloves)
Will    .....                   (no boots)
Stlth   ..........              c - amulet of reflection
HPRegen 0.16/turn               n - ring of positive energy
MPRegen 0.11/turn               (no ring)

@: no status effects
A: sickness immunity, AC +5, negative energy resistance 1, electricity
resistance, torment resistance 1, petrification resistance
a: Renounce Religion, Berserk, Trog's Hand


You were on level 6 of the Dungeon.
You worshipped Trog.
Trog was most pleased with you.
You visited 1 branch of the dungeon, and saw 6 of its levels.

You collected 240 gold pieces.


Innate Abilities, Weirdness & Mutations

You are immune to sickness and miasma.
Your stone body is resilient. (AC +5)
You are immune to poison.
You resist negative energy. (rN+)
You are resistant to electric shocks. (rElec)
You are resistant to unholy torment.
You are immune to petrification.


   Skills:
 - Level 5.1 Fighting
 + Level 7.6 Axes
 - Level 1.5 Throwing
 - Level 3.7 Armour
 - Level 1.5 Dodging


You had 7 spell levels left.
You didn't know any spells.
Your spell library was empty.

Inventory:

Hand Weapons
 a - a +0 flail
 Y - a +1 hand axe of chaos (weapon)
Missiles
 j - 4 boomerangs (quivered)
Armour
 d - a +0 chain mail (worn)
 e - the +1 helmet "Pacrif" {Harm Str+6 Slay-2}
   (You acquired it on level 4 of the Dungeon)

   Str:       It affects your strength (+6).
   Slay:      It affects your accuracy & damage with ranged weapons and melee
   (-2).
   Harm:      It increases damage dealt and taken.
Jewellery
 c - an amulet of reflection (around neck)
 m - a ring of fire
 n - a ring of positive energy (left hand)
Scrolls
 f - 3 scrolls of teleportation
 h - a scroll of identify
 k - 2 scrolls of enchant armour
Potions
 b - a potion of cancellation
 g - 2 potions of curing
 i - a potion of heal wounds

Dungeon Overview and Level Annotations

Branches:
Dungeon (6/15)             Temple (0/1) D:5

Altars:

Shops:
D:5 [


Message History

You closely miss something. Something hits you but does no damage.
You hit something. Something hits you but does no damage.
You barely miss something. Something hits you but does no damage.
You hit something. Something hits you.
You hit something. You burn something. Something hits you.
You hit something but do no damage.
Nothing appears to happen.
Something hits you but does no damage.
You closely miss something. Something hits you.
You miss something. You hit something but do no damage. Something hits you.
You miss something. Something hits you but does no damage.
You miss something. Something hits you.
You closely miss something. Something hits you but does no damage.
You closely miss something. You block something's attack.
You closely miss something. Something hits you but does no damage.
You closely miss something. Something hits you.
You miss something. Something hits you.
You completely miss something. Something hits you.
You miss something. Something hits you!
You miss something. Something hits you but does no damage.
You hit something but do no damage. Something hits you.
You die...

#. #.# #.
#######.# #..
.........
###.###
#######.. #.
...# #...... #.
#)#######.#####
#. #)........#
#{###.#########
#.@.).# #######


There were no monsters in sight!

Vanquished Creatures
  An ice beast (D:5)
  An ogre (D:5)
  A centaur (D:4)
  A phantom (D:5)
  A scorpion (D:5)
  3 wights (D:6)
  2 orc priests (D:5)
  2 hounds (D:5)
  A gnoll bouda (D:5)
  3 iguanas (D:5)
  An orc wizard (D:5)
  3 gnolls (D:5)
  10 adders
  An ufetubus (D:4)
  3 worms
  7 orcs
  7 endoplasms
  2 giant cockroaches
  7 goblins
  6 hobgoblins
  6 jackals
  4 quokkas
  7 ball pythons
  2 bats
  A frilled lizard (D:3)
  6 kobolds
  7 rats
96 creatures vanquished.

Notes
Turn   | Place    | Note
-------+----------+-------------------------------------------
     0 | D:1      | qw the Gargoyle Berserker began the quest for the Orb.
     0 | D:1      | Reached XP level 1. HP: 14/14 MP: 1/1
     0 | D:1      | 0 ||| qw: Version: 0.1-a-103-gd6f5d3a
     0 | D:1      | 0 ||| qw: Game counter: 5706
     0 | D:1      | 0 ||| qw: Always use a shield: true
     0 | D:1      | 0 ||| qw: Do Orc after D:15 true
     0 | D:1      | 0 ||| qw: Do second Lair branch before Depths: true
     0 | D:1      | 0 ||| qw: Lair rune preference: random
     0 | D:1      | 0 ||| qw: Plans: Normal
     0 | D:1      | 0 ||| PLANNING D:1-11
    91 | D:1      | 91 ||| Stepping ~*~*~tactically~*~*~ (stealth).
   152 | D:1      | Reached skill level 3 in Axes
   183 | D:1      | Reached XP level 2. HP: 19/19 MP: 2/2
   752 | D:1      | 752 ||| UPGRADING to +0 leather armour.
   762 | D:1      | 762 ||| DROPPING +0 animal skin.
   763 | D:1      | 763 ||| UPGRADING to +1 ring mail of cold resistance.
   773 | D:1      | 773 ||| DROPPING +0 leather armour.
   774 | D:1      | 774 ||| UPGRADING to amulet of reflection.
   779 | D:1      | 779 ||| READING scroll labelled DUWATZ BYUSCHE.
   780 | D:1      | 780 ||| READING 2 scrolls labelled NICIOPP VUHIRO.
   785 | D:1      | 785 ||| READING 2 scrolls labelled KEYSIU NUNGO.
   852 | D:2      | 852 ||| Stepping ~*~*~tactically~*~*~ (stealth).
   854 | D:2      | 854 ||| Stepping ~*~*~tactically~*~*~ (stealth).
   860 | D:2      | 860 ||| FLEEEEING.
   965 | D:2      | Reached XP level 3. HP: 19/23 MP: 3/3
  1035 | D:2      | 1035 ||| Stepping ~*~*~tactically~*~*~ (stealth).
  1057 | D:2      | 1057 ||| Stepping ~*~*~tactically~*~*~ (stealth).
  1146 | D:2      | 1146 ||| Stepping ~*~*~tactically~*~*~ (stealth).
  1191 | D:2      | 1191 ||| INVOKING Berserk.
  1195 | D:2      | Reached skill level 4 in Axes
  1377 | D:2      | Reached ** piety under Trog
  1418 | D:2      | 1418 ||| FLEEEEING.
  1419 | D:2      | 1419 ||| FLEEEEING.
  1706 | D:2      | 1706 ||| DRINKING 2 fizzy green potions.
  1745 | D:2      | 1745 ||| READING 2 scrolls of identify.
  1745 | D:2      | 1745 ||| IDENTIFYING emerald potion
  1746 | D:2      | 1746 ||| DROPPING potion of flight.
  1747 | D:2      | 1747 ||| DROPPING potion of lignification.
  1765 | D:3      | 1765 ||| PLANNING SEWER
  1791 | D:3      | 1791 ||| DROPPING +0 mace.
  1809 | D:3      | Noticed a golden eye
  1810 | D:3      | Found a faded altar of an unknown god.
  1826 | D:3      | Reached XP level 4. HP: 26/28 MP: 4/4
  1841 | D:3      | Noticed a great orb of eyes
  1859 | D:3      | Noticed a golden eye
  1869 | D:3      | Noticed a great orb of eyes
  1918 | D:3      | 1918 ||| Stepping ~*~*~tactically~*~*~ (stealth).
  1929 | D:3      | 1929 ||| Stepping ~*~*~tactically~*~*~ (stealth).
  1961 | D:3      | 1961 ||| Stepping ~*~*~tactically~*~*~ (stealth).
  1965 | D:3      | 1965 ||| Stepping ~*~*~tactically~*~*~ (stealth).
  1967 | D:3      | 1967 ||| Stepping ~*~*~tactically~*~*~ (stealth).
  1970 | D:3      | 1970 ||| Stepping ~*~*~tactically~*~*~ (stealth).
  1983 | D:3      | 1983 ||| Stepping ~*~*~tactically~*~*~ (stealth).
  2081 | D:3      | 2081 ||| Stepping ~*~*~tactically~*~*~ (stealth).
  2449 | D:3      | Found a glowing drain.
  2450 | D:3      | 2450 ||| Stepping ~*~*~tactically~*~*~ (stealth).
  2451 | D:3      | 2451 ||| UPGRADING to ring of positive energy.
  2460 | D:3      | 2460 ||| READING scroll labelled LIM IPHILU.
  2461 | D:3      | 2461 ||| READING scroll labelled REPIDA HUES.
  2462 | D:3      | 2462 ||| READING scroll labelled LIUSHI SASUOZUNA.
  2463 | D:3      | 2463 ||| READING scroll labelled VEIZXUZIASK.
  2464 | D:3      | 2464 ||| READING scroll labelled YXTO ECIDORELAUCI.
  2465 | D:3      | 2465 ||| READING scroll labelled FONAM AMUCYOSU.
  2466 | D:3      | 2466 ||| READING scroll labelled GUACOSS ZUBBOL.
  2467 | D:3      | 2467 ||| DRINKING 4 dark potions.
  2491 | D:3      | 2491 ||| RIP SEWER
  2568 | D:3      | 2568 ||| PLANNING D:1-11
  2650 | D:3      | 2650 ||| UPGRADING to +0 chain mail.
  2660 | D:3      | 2660 ||| DROPPING +1 ring mail of cold resistance.
  2661 | D:3      | 2661 ||| READING 2 scrolls of identify.
  2661 | D:3      | 2661 ||| IDENTIFYING viscous puce potion
  2662 | D:3      | 2662 ||| DROPPING 3 potions of ambrosia.
  2673 | D:4      | Reached skill level 5 in Axes
  2818 | D:4      | Reached XP level 5. HP: 30/32 MP: 5/5
  2899 | D:4      | Noticed a centaur
  2900 | D:4      | 2900 ||| Stepping ~*~*~tactically~*~*~ (hiding).
  2906 | D:4      | 2906 ||| INVOKING Berserk.
  2908 | D:4      | Killed a centaur
  3290 | D:4      | 3290 ||| Stepping ~*~*~tactically~*~*~ (stealth).
  3291 | D:4      | 3291 ||| Stepping ~*~*~tactically~*~*~ (stealth).
  3340 | D:4      | 3340 ||| FLEEEEING.
  3341 | D:4      | 3341 ||| FLEEEEING.
  3342 | D:4      | 3342 ||| FLEEEEING.
  3343 | D:4      | 3343 ||| FLEEEEING.
  3344 | D:4      | 3344 ||| FLEEEEING.
  3626 | D:4      | Reached XP level 6. HP: 39/39 MP: 6/6
  3698 | D:4      | 3698 ||| READING scroll labelled KOIQAET LAMITE.
  3699 | D:4      | 3699 ||| READING scroll labelled TEIGEGGOFUC.
  3699 | D:4      | Identified a scroll of acquirement
  3699 | D:4      | 3699 ||| ACQUIRING +1 helmet "Pacrif" {Harm Str+6 Slay-2}
  3699 | D:4      | Acquired the +1 helmet "Pacrif" {Harm Str+6 Slay-2}
  3701 | D:4      | 3701 ||| READING 3 scrolls of identify.
  3701 | D:4      | 3701 ||| IDENTIFYING viscous black potion
  3702 | D:4      | 3702 ||| READING 2 scrolls of identify.
  3702 | D:4      | 3702 ||| IDENTIFYING metallic green potion
  3703 | D:4      | 3703 ||| DROPPING potion of degeneration.
  3731 | D:5      | Entered Level 5 of the Dungeon
  3732 | D:5      | 3732 ||| PLANNING OSSUARY
  3777 | D:5      | 3777 ||| INVOKING Berserk.
  3794 | D:5      | 3794 ||| Stepping ~*~*~tactically~*~*~ (stealth).
  4043 | D:5      | Found a staircase to the Ecumenical Temple.
  4045 | D:5      | Noticed an ice beast
  4049 | D:5      | 4049 ||| Stepping ~*~*~tactically~*~*~ (stealth).
  4050 | D:5      | 4050 ||| Stepping ~*~*~tactically~*~*~ (stealth).
  4051 | D:5      | 4051 ||| INVOKING Berserk.
  4058 | D:5      | Killed an ice beast
  4059 | D:5      | Reached skill level 6 in Axes
  4122 | D:5      | 4122 ||| FLEEEEING.
  4129 | D:5      | 4129 ||| STAIRDANCE
  4163 | D:4      | 4163 ||| READING scroll labelled LOZADI XOSKUI.
  4176 | D:5      | Reached XP level 7. HP: 43/44 MP: 7/7
  4238 | D:5      | 4238 ||| INVOKING Berserk.
  4394 | D:5      | 4394 ||| INVOKING Berserk.
  4396 | D:5      | Reached skill level 7 in Axes
  4459 | D:5      | 4459 ||| RIP OSSUARY
  4504 | D:5      | 4504 ||| PLANNING D:1-11
  4533 | D:5      | 4533 ||| Stepping ~*~*~tactically~*~*~ (hiding).
  4538 | D:5      | Reached *** piety under Trog
  4644 | D:5      | 4644 ||| Stepping ~*~*~tactically~*~*~ (hiding).
  4645 | D:5      | 4645 ||| FLEEEEING.
  4646 | D:5      | 4646 ||| FLEEEEING.
  4648 | D:5      | 4648 ||| INVOKING Berserk.
  5003 | D:5      | Reached skill level 3 in Armour
  5188 | D:5      | Reached skill level 1 in Throwing
  5258 | D:5      | Reached XP level 8. HP: 49/49 MP: 8/8
  5352 | D:5      | Found Juatim's Armour Shoppe.
  5359 | D:5      | 5359 ||| SHOPLISTING +10 plate armour of Igyirr {Will+++}
                  | (1584 gold, have 215).
  5359 | D:5      | 5359 ||| SHOPLISTING +2 hat (240 gold, have 215).
  5359 | D:5      | 5359 ||| SHOPLISTING +2 scale mail of cold resistance (315
                  | gold, have 215).
  5535 | D:5      | 5535 ||| READING 2 scrolls of identify.
  5535 | D:5      | 5535 ||| IDENTIFYING murky dark potion
  5536 | D:5      | 5536 ||| DROPPING potion of berserk rage.
  5661 | D:6      | HP: 3/49 [something (12)]
  5663 | D:6      | Slain by a wight

Levels and vault maps discovered:
D:1:      eino_arrival_water_star, layout_basic, minivault_23
D:2:      layout_rooms
D:3:      layout_rooms, portal_sewer_entry_b,
          hellmonk_ecumenical_altar_watching_god
D:4:      layout_loops_corners, minmay_stone_trees_large
D:5:      layout_basic, minmay_temple_entry_arrows, enter_ossuary_5,
          nicolae_stop_n_shop_2, amcnicky_mini_pool_small
D:6:      layout_loops_ring, okawaru_metal_pillars_3, minmay_crossroads

Skill      XL: |  1  2  3  4  5  6  7 |
---------------+----------------------+-----
Axes           | 3 4 5 6 7 |  7.6
Fighting       | 4 5 |  5.1
Armour         | 3 |  3.7
Throwing       | 1 |  1.5
Dodging        | |  1.5

Action                   |  1- 3 |  4- 6 |  7- 9 || total
-------------------------+-------+-------+-------++-------
Melee: Hand axe          |   137 |   142 |   104 ||   383
       Punch             |       |       |     1 ||     1
Throw: Boomerang         |       |    14 |    15 ||    29
Invok: Berserk           |     1 |     3 |     3 ||     7
  Use: Scroll            |     4 |    13 |     1 ||    18
       Potion            |     1 |     1 |       ||     2
Armor: Animal skin       |    19 |       |       ||    19
       Ring mail         |    29 |    16 |       ||    45
       Chain mail        |       |    37 |    43 ||    80
Dodge: Dodged            |    73 |    52 |    20 ||   145
Block: Other             |    22 |    30 |    10 ||    62

Table legend:
 A = Non-vault XP
 B = Vault XP
 C = Vault XP percentage of total XP
 D = Non-vault monster count
 E = Vault monster count
 F = Vault count percentage of total count
                 A         B        C        D         E       F
            +---------+---------+-------+---------+---------+-------
      Total |    1409 |      16 |   1.1 |      93 |       3 |   3.1
            +---------+---------+-------+---------+---------+-------
        D:1 |      21 |       0 |   0.0 |      14 |       0 |   0.0
        D:2 |      51 |       0 |   0.0 |      17 |       0 |   0.0
        D:3 |      68 |      16 |  19.0 |      17 |       3 |  15.0
        D:4 |     163 |       0 |   0.0 |      16 |       0 |   0.0
        D:5 |     884 |       0 |   0.0 |      26 |       0 |   0.0
        D:6 |     222 |       0 |   0.0 |       3 |       0 |   0.0
            +---------+---------+-------+---------+---------+-------
